 Dungeon Crawl Stone Soup version 0.28-a0-653-g7e9dba17c3 (webtiles) character file.

Game seed: 11817932430016133151

29 lawman0 the Covert (level 3, 0/35 HPs)
             Began as a Gnoll Delver on Oct 11, 2021.
             Slain by an elf zombie (2 damage)
             ... on level 5 of the Dungeon.
             The game lasted 00:01:22 (236 turns).

lawman0 the Covert (Gnoll Delver)                    Turns: 236, Time: 00:01:23

Health: 0/35       AC:  4    Str: 11    XL:     3   Next: 16%
Magic:  3/3        EV: 13    Int: 10    God:
Gold:   18         SH:  0    Dex: 13    Spells: 3/3 levels left

rFire   . . .      SeeInvis .   a - +0 mace
rCold   . . .      Faith    .   (no shield)
rNeg    . . .      Spirit   .   b - +0 leather armour
rPois   .          Reflect  .   (no helmet)
rElec   .          Harm     .   (no cloak)
rCorr   .          Rampage  .   j - +0 pair of gloves
Will    .....                   (no boots)
Stlth   ++++......              (no amulet)
HPRegen 0.11/turn               (no ring)
MPRegen 0.08/turn               (no ring)

@: hasted, very quick
A: fangs 1, strong nose, distributed training
a: no special abilities


You were on level 5 of the Dungeon.
You visited 1 branch of the dungeon, and saw 1 of its levels.

You collected 18 gold pieces.

Inventory:

Hand Weapons
 a - a +0 mace (weapon)
 i - a +2 vampiric short sword
Missiles
 h - 28 sling bullets
Armour
 b - a +0 leather armour (worn)
 j - a +0 pair of gloves (worn)
Wands
 g - a wand of digging (2)
Scrolls
 c - a scroll of fog
 d - 2 scrolls of identify {unknown}
 e - a scroll of fear
 k - a scroll of immolation {unknown}


   Skills:
 + Level 6.5 Fighting
 + Level 0.6 Short Blades
 + Level 0.6 Long Blades
 + Level 0.6 Axes
 + Level 4.5 Maces & Flails
 + Level 0.6 Polearms
 + Level 0.6 Staves
 + Level 0.6 Slings
 + Level 0.6 Bows
 + Level 0.6 Crossbows
 + Level 0.6 Throwing
 + Level 0.6 Armour
 + Level 4.5 Dodging
 + Level 9.5 Stealth
 + Level 0.6 Shields
 + Level 0.6 Unarmed Combat
 + Level 0.6 Spellcasting
 + Level 0.4 Conjurations
 + Level 0.4 Hexes
 + Level 0.4 Summonings
 + Level 0.4 Necromancy
 + Level 0.4 Translocations
 + Level 0.4 Transmutations
 + Level 0.4 Fire Magic
 + Level 0.4 Ice Magic
 + Level 0.4 Air Magic
 + Level 0.4 Earth Magic
 + Level 0.4 Poison Magic
 + Level 0.8 Invocations
 + Level 0.6 Evocations


You had 3 spell levels left.
You didn't know any spells.
Your spell library contained the following spells:

 Spells                   Type           Power      Damage    Failure   Level
 Malign Gateway           Summ/Tloc      0%         N/A       100%        7
 Summon Horrible Things   Summ           0%         N/A       100%        8


Dungeon Overview and Level Annotations

Branches:
Dungeon (5/15)
 Temple: D:4-7

Altars:
Makhleb


Innate Abilities, Weirdness & Mutations

You have very sharp teeth.
Your uncanny sense of smell can sniff out nearby items.
Your experience applies equally to all skills.


Message History

The elf zombie is heavily damaged.
The elf zombie hits you.
* * * LOW HITPOINT WARNING * * *
You hit the elf zombie.
You bite the elf zombie, but do no damage.
The elf zombie is heavily damaged.
You sock the elf zombie!
The elf zombie is severely damaged.
The elf zombie closely misses you.
You hit the elf zombie.
The elf zombie is severely damaged.
The elf zombie hits you.
* * * LOW HITPOINT WARNING * * *
You closely miss the elf zombie. You bite the elf zombie.
The elf zombie is severely damaged.
You hit the elf zombie but do no damage.
The elf zombie is severely damaged.
The elf zombie hits you.
* * * LOW HITPOINT WARNING * * *
You hit the elf zombie.
You bite the elf zombie, but do no damage.
The elf zombie is severely damaged.
You barely miss the elf zombie.
The elf zombie is severely damaged.
The elf zombie hits you.
* * * LOW HITPOINT WARNING * * *
You hit the elf zombie. You bite the elf zombie.
The elf zombie is severely damaged.
The elf zombie barely misses you.
You hit the elf zombie.
The elf zombie is severely damaged.
You hit the elf zombie but do no damage.
The elf zombie is severely damaged.
The elf zombie hits you but does no damage.
You hit the elf zombie but do no damage.
The elf zombie is severely damaged.
You barely miss the elf zombie.
The elf zombie is severely damaged.
The elf zombie hits you.
You die...

##### #...# ******#'#.#
*,*,*,#@#.# *+*+*+#Z#.#
*,+,,,+.#.# #########*
***,,,###.#####........,
##########∩+,,,+,#..........[...,
.........#**+*+*+#.............l.
.......###,+,*,*,#######.........
.......'.#**######.....>........O
.......######.....#..............


You could see an elf zombie.

Vanquished Creatures
  A centaur skeleton (D:5)
  An orc (D:5)
2 creatures vanquished.

Notes
Turn   | Place    | Note
-------+----------+-------------------------------------------
     0 | D:5      | Reached skill level 9 in Stealth
     0 | D:5      | lawman0 the Gnoll Delver began the quest for the Orb.
     0 | D:5      | Reached XP level 1. HP: 23/23 MP: 1/1
    18 | D:5      | lol
    79 | D:5      | Found a burning altar of Makhleb.
   150 | D:5      | Reached XP level 2. HP: 15/29 MP: 2/2
   150 | D:5      | Reached XP level 3. HP: 19/35 MP: 3/3
   176 | D:5      | Noticed an ogre
   236 | D:5      | Slain by an elf zombie

Illustrated notes

*,,,,,,,,,,*
**#.**.#*
*,,,,,,<,,,*
#####.*#.#
*,,,,,,,,,,*
#...#.##.#
*,,,,,,,,,,*
#...#..#.#
*,,,,,,,,,,*
#...##.#.#
*,,,,,,,,,,*
#...#*...#
*,,,,,,,,,,*
##...###..#
************
#....'....##
#.@..##.#..#
*********
#....##.#..#
,,,,,,,,*
#.#####.#.>#
,,,,,,,,* #.*
#.##.#
,,,,,,,,*
#.****#+##+#*
,,,,,,,,*
#.*,,,,,,,,,*
,,,,,,,,*
#.*,,,,,,,,,*
,,*******
#.*,,,,,,,,,*
,,**
#.*,,,,,,,,,*


Turn 18 on D:5: lol

Levels and vault maps discovered:
D:5:      layout_basic, mainiacjoe_overflow_catwalk, xom_redecorated,
          nicolae_ossuary_entry_catacombs, uniq_duvessa

Skill      XL: | |
---------------+-+-----
Stealth        | |  9.5
Fighting       | |  6.5
Short Blades   | |  0.6
Long Blades    | |  0.6
Axes           | |  0.6
Maces & Flails | |  4.5
Polearms       | |  0.6
Staves         | |  0.6
Slings         | |  0.6
Bows           | |  0.6
Crossbows      | |  0.6
Throwing       | |  0.6
Armour         | |  0.6
Dodging        | |  4.5
Shields        | |  0.6
Unarmed Combat | |  0.6
Spellcasting   | |  0.6
Conjurations   | |  0.4
Hexes          | |  0.4
Summonings     | |  0.4
Necromancy     | |  0.4
Translocations | |  0.4
Transmutations | |  0.4
Fire Magic     | |  0.4
Ice Magic      | |  0.4
Air Magic      | |  0.4
Earth Magic    | |  0.4
Poison Magic   | |  0.4
Invocations    | |  0.8
Evocations     | |  0.6

Action                   || total
-------------------------++-------
Melee: Mace              ||    32
       Bite              ||     9
Evoke: Wand              ||     1
  Use: Scroll            ||     1
       Potion            ||     1
 Stab: Sleeping          ||     1
Armor: Leather armour    ||     7
Dodge: Dodged            ||    11

Table legend: (Time is in decaauts)
 A = Elapsed time spent in this place.
 B = Non-inter-level travel time spent in this place.
 C = Inter-level travel time spent in this place.
 D = Time resting spent in this place.
 E = Time spent auto-exploring this place.
 F = Levels seen in this place.
 G = Mean time per level.
                   A        B        C        D        E       F      G
               +--------+--------+--------+--------+--------+-----+--------+
         Total |    235 |    235 |      0 |      0 |      0 |   1 |  235.0 |
       Dungeon |    235 |    235 |      0 |      0 |      0 |   1 |  235.0 |
               +--------+--------+--------+--------+--------+-----+--------+

Top non-repeatable levels by time:
     D:5: 235 daAuts
